 Dungeon Crawl Stone Soup version 0.30-a0-715-gdb4ae3ece1 (webtiles) character file.

Game seed: 8136305104341778723

1974 Darius099 the Covered (level 9, -1/57 HPs)
             Began as a Gargoyle Fighter on Jan 23, 2023.
             Was an Initiate of Okawaru.
             Slain by a killer bee (2 damage)
             ... on level 6 of the Dungeon.
             The game lasted 00:15:49 (5721 turns).

Darius099 the Covered (Gargoyle Fighter)            Turns: 5721, Time: 00:15:50

Health: -1/57      AC: 19    Str: 23    XL:     9   Next: 20%
Magic:  0/9        EV:  8    Int:  8    God:    Okawaru [......]
Gold:   398        SH:  5    Dex: 11    Spells: 8/8 levels left

rFire   . . .      SeeInvis .    a - +1 flail (heavy)
rCold   . . .      Faith    .    c - +0 buckler
rNeg    + . .      Spirit   +    s - +0 chain mail
rPois   ∞          Reflect  .    i - +0 helmet
rElec   +          Harm     .    (no cloak)
rCorr   .          Rampage  .    (no gloves)
Will    .....                    r - +0 pair of boots Stlth
                                 D - amulet of guardian spirit
HPRegen 0.29/turn                (no ring)
MPRegen 0.11/turn                (no ring)

@: brilliant, hasted, very quick
A: sickness immunity, AC +6, negative energy resistance 1, electricity
resistance, torment resistance 1, petrification resistance
a: Renounce Religion


You were on level 6 of the Dungeon.
You worshipped Okawaru.
Okawaru was noncommittal.
You visited 2 branches of the dungeon, and saw 9 of its levels.

You collected 398 gold pieces.

Inventory:

Hand Weapons
 a - a +1 heavy flail (weapon)
Armour
 c - a +0 buckler (worn)
 i - a +0 helmet (worn)
 r - a +0 pair of boots (worn)
 s - a +0 chain mail (worn)
Jewellery
 D - an amulet of guardian spirit (around neck)
Wands
 b - a wand of flame (20)
 v - a wand of mindburst (21)
Scrolls
 e - 2 scrolls of summoning {unknown}
 f - 2 scrolls of teleportation {unknown}
 h - 3 scrolls of fog {unknown}
 k - a scroll of brand weapon
 l - a scroll of torment {unknown}
 n - a scroll of magic mapping {unknown}
 t - 2 scrolls of vulnerability {unknown}
 w - 2 scrolls of blinking {unknown}
 A - a scroll of identify
 E - a scroll of enchant armour {unknown}
 F - a scroll of amnesia {unknown}
Potions
 d - a potion of might
 g - 2 potions of lignification
 m - a potion of cancellation {unknown}
 o - a potion of heal wounds {unknown}
 q - 3 potions of attraction
 z - a potion of flight
 B - a potion of invisibility {unknown}
 C - 2 potions of magic {unknown}


   Skills:
 + Level 7.2 Fighting
 + Level 6.1 Maces & Flails
 + Level 7.2 Armour
 + Level 7.2 Shields


You had 8 spell levels left.
You didn't know any spells.
Your spell library contained the following spells:

 Spells                   Type           Power      Damage    Failure   Level
 Shock                    Conj/Air       0%         1d3       98%         1
 Ozocubu's Armour         Ice            0%         N/A       100%        3
 Portal Projectile        Hex/Tloc       0%         N/A       100%        3
 Swiftness                Air            0%         N/A       100%        3
 Airstrike                Air            0%         2d(0-16)  100%        4
 Blade Hands              Tmut           0%         N/A       100%        5
 Ozocubu's Refrigeration  Ice            0%         4d7       100%        7
 Tukima's Dance           Hex            Unusable   N/A       N/A         3

Dungeon Overview and Level Annotations

Branches:
Dungeon (8/15)             Temple (1/1) D:6            Lair (0/5) D:8

Altars:
Ashenzari
Cheibriados
Dithmenos
Elyvilon
Fedhas
Gozag
Hepliaklqana
Kikubaaqudgha
Makhleb
Nemelex Xobeh
Okawaru
Qazlal
Ru
Sif Muna
Trog
Uskayaw
Vehumet
Wu Jian
Xom
Yredelemnul
Zin
The Shining One

Shops:
D:1 *   D:3 :

Annotations:
D:4 2 transporters, SpyderV's ghost, amateur MiFi
D:5 1 runed translucent door, b0rk's ghost, amateur GrEE


Innate Abilities, Weirdness & Mutations

You are immune to sickness and miasma.
Your stone body is resilient. (AC +6)
You are immune to poison.
You resist negative energy. (rN+)
You are resistant to electric shocks. (rElec)
You are resistant to unholy torment.
You are immune to petrification.


Message History

The killer bee stings you but does no damage.
The iguana bites you but does no damage.
The killer bee stings you but does no damage. x2
You feel yourself speed up. You block the killer bee's attack.
The killer bee stings you.
* * * LOW HITPOINT WARNING * * *
The iguana bites you but does no damage.
You block the killer bee's attack. The killer bee barely misses you.
You miss the killer bee. You block the killer bee's attack. x2
You block the iguana's attack. The killer bee closely misses you.
The killer bee stings you but does no damage.
You miss the killer bee.
The killer bee stings you but does no damage.
You block the killer bee's attack. The iguana barely misses you.
The killer bee completely misses you. The killer bee barely misses you.
You closely miss the killer bee.
The killer bee stings you but does no damage. x2
You block the killer bee's attack. The killer bee stings you.
* * * LOW HITPOINT WARNING * * *
The iguana bites you.
* * * LOW HITPOINT WARNING * * *
You thump the killer bee!
The killer bee is severely wounded.
The killer bee stings you.
* * * LOW HITPOINT WARNING * * *
You block the killer bee's attack. The killer bee closely misses you.
The killer bee stings you.
* * * LOW HITPOINT WARNING * * *
The iguana bites you but does no damage.
The killer bee stings you but does no damage. x2
You feel better. The iguana bites you!
* * * LOW HITPOINT WARNING * * *
You block the killer bee's attack. The killer bee misses you.
You barely miss the killer bee.
The killer bee is severely wounded.
The killer bee stings you but does no damage.
The killer bee stings you.
The killer bee stings you but does no damage.
The killer bee stings you.
You die...

#.# #.##
.... #..#
#..# #..#
#ly######
#@.......
##y......
..
+####..
.. . # .
# # ## #


You could see an iguana and 2 killer bees.

Vanquished Creatures
  A troll (D:5)
  Sigmund (D:3)
  3 black bears
  2 ogres (D:5)
  A kobold brigand (D:6)
  3 necrophages
  3 scorpions
  A howler monkey (D:6)
  4 hounds
  3 jellies
  4 orc priests
  A gnoll bouda (D:4)
  Terence (D:3)
  Jessica (D:3)
  Ijyb (D:5)
  An iguana (D:5)
  2 orc wizards
  3 gnolls (D:2)
  5 adders
  2 white imps
  An ufetubus (D:6)
  A worm (D:5)
  A dart slug (D:2)
  11 orcs
  12 ball pythons
  10 endoplasms
  4 giant cockroaches
  5 goblins
  6 hobgoblins
  A jackal (D:5)
  5 quokkas
  5 bats
  2 frilled lizards
  9 kobolds
  6 rats
122 creatures vanquished.

Vanquished Creatures (others)
  2 withered plants (D:5)
2 creatures vanquished.

Grand Total: 124 creatures vanquished

Notes
Turn   | Place    | Note
-------+----------+-------------------------------------------
     0 | D:1      | Darius099 the Gargoyle Fighter began the quest for the Orb.
     0 | D:1      | Reached XP level 1. HP: 14/14 MP: 1/1
    61 | D:1      | Found Tink's General Store.
   188 | D:1      | Reached XP level 2. HP: 13/19 MP: 2/2
   377 | D:1      | Reached XP level 3. HP: 23/23 MP: 3/3
  1462 | D:2      | Reached XP level 4. HP: 12/29 MP: 4/4
  1865 | D:3      | Noticed Terence
  1875 | D:3      | Killed Terence
  1950 | D:3      | Found a faded altar of an unknown god.
  1978 | D:3      | Found Danaug's Vocational Training.
  2001 | D:3      | Noticed Sigmund
  2001 | D:3      | Noticed Jessica
  2008 | D:3      | Killed Jessica
  2009 | D:3      | Reached XP level 5. HP: 33/33 MP: 5/5
  2014 | D:3      | Killed Sigmund
  2015 | D:3      | Reached XP level 6. HP: 19/39 MP: 6/6
  2703 | D:4      | Reached skill level 5 in Armour
  2749 | D:4      | HP: 2/40 [necrophage (5)]
  2756 | D:4      | Reached skill level 5 in Fighting
  2756 | D:4      | Reached skill level 5 in Shields
  2756 | D:4      | Reached XP level 7. HP: 4/44 MP: 7/7
  3071 | D:4      | Found a transporter.
  3071 | D:4      | Found a transporter.
  3071 | D:4      | Noticed SpyderV's ghost (amateur MiFi)
  3267 | D:4      | Found a sparkling altar of Nemelex Xobeh.
  3396 | D:5      | Entered Level 5 of the Dungeon
  3399 | D:5      | Found a runed translucent door.
  3400 | D:5      | Noticed b0rk's ghost (amateur GrEE)
  3498 | D:5      | Noticed Ijyb
  3517 | D:5      | Killed Ijyb
  3872 | D:5      | Found a bloodstained altar of Trog.
  3879 | D:5      | Reached XP level 8. HP: 51/51 MP: 8/8
  3880 | D:5      | Found a burning altar of Makhleb.
  4156 | D:5      | Reached skill level 5 in Maces & Flails
  4202 | D:5      | Noticed a troll
  4565 | D:5      | Killed a troll
  4780 | D:5      | Reached XP level 9. HP: 52/56 MP: 9/9
  5061 | D:6      | Found a staircase to the Ecumenical Temple.
  5062 | D:6      | Paralysed by an orc priest for 2 turns
  5093 | Temple   | Entered the Ecumenical Temple
  5324 | Temple   | Became a worshipper of Warmaster Okawaru
  5646 | D:6      | You fall into a shaft and drop 2 floors!
  5667 | D:8      | Noticed a death yak
  5669 | D:8      | Found a staircase to the Lair.
  5669 | D:8      | Noticed a death yak
  5669 | D:8      | Noticed a death yak
  5670 | D:8      | Noticed a death yak
  5672 | D:8      | Noticed a death yak
  5719 | D:6      | HP: 2/57 [killer bee (2)]
  5721 | D:6      | Slain by a killer bee

Illustrated notes

Levels and vault maps discovered:
D:1:      ebering_trefoil_twist, layout_basic, serial_shops,
          nicolae_shop_window_shopping, serial_curves, eino_curves_02,
          eino_curves_04, eino_curves_02, eino_curves_04,
          minmay_misc_feat_rugged, chequers_serial_rivers_micro_e, st_stairs_1
D:2:      layout_basic, serial_aquarium, aquarium_bridge_square
          [aquarium_subvault_wall, aquarium_subvault_balcony,
          aquarium_subvault_bridge, aquarium_subvault_wall], aquarium_window_2,
          aquarium_window_1, aquarium_window_2, aquarium_window_2,
          aquarium_view_2b
D:3:      layout_rooms, basic_ecumenical_altar, nicolae_shop_vocational,
          uniq_jessica, uniq_sigmund, uniq_terence
D:4:      layout_loops_ring, lemuel_doored_altar, gammafunk_ghost_arena
D:5:      layout_loops_ring, nicolae_overflow_squiral, gammafunk_ghost_grave,
          grunt_decor_arrowhead, st_stairs_9, nzn_random_ring, uniq_ijyb
D:6:      layout_basic, minmay_temple_entry_mini_moons
D:7:      layout_cave_pools, serial_shops, shop, uniq_menkaure, uniq_joseph
D:8:      layout_basic, dpeg_lair_monsters
Temple:   compressed_dpeg_triangle_lava_temple

Skill      XL: |  1  2  3  4  5  6  7  8  9 |
---------------+----------------------------+-----
Armour         | 4 5 6 7 |  7.2
Shields        | 4 5 6 7 |  7.2
Fighting       | 4 5 6 7 |  7.2
Maces & Flails | 3 4 5 6 |  6.1

Action                     |  1- 3 |  4- 6 |  7- 9 || total
---------------------------+-------+-------+-------++-------
  Melee: Flail             |   104 |   122 |   258 ||   484
    Use: Scroll            |       |       |     8 ||     8
         Potion            |       |       |     8 ||     8
 Armour: Scale mail        |    76 |     2 |       ||    78
         Chain mail        |       |    89 |   279 ||   368
  Dodge: Dodged            |    68 |    31 |   141 ||   240
  Block: Buckler           |    45 |    24 |   118 ||   187

Table legend: (Time is in decaauts)
 A = Elapsed time spent in this place.
 B = Non-inter-level travel time spent in this place.
 C = Inter-level travel time spent in this place.
 D = Time resting spent in this place.
 E = Time spent auto-exploring this place.
 F = Levels seen in this place.
 G = Mean time per level.
                   A        B        C        D        E       F      G
               +--------+--------+--------+--------+--------+-----+--------+
         Total |   5877 |   5723 |    154 |    805 |   2918 |   9 |  653.0 |
       Dungeon |   5636 |   5482 |    154 |    805 |   2708 |   8 |  704.5 |
        Temple |    240 |    240 |      0 |      0 |    210 |   1 |  240.0 |
               +--------+--------+--------+--------+--------+-----+--------+

Top non-repeatable levels by time:
     D:5: 1505 daAuts
     D:4: 1094 daAuts
     D:1: 1029 daAuts
     D:2: 873 daAuts
     D:3: 674 daAuts
     D:6: 395 daAuts
  Temple: 240 daAuts
     D:8: 42 daAuts
     D:7: 20 daAuts
